 Dungeon Crawl Stone Soup version 0.31.0-10-gcf4a605ca0 (webtiles) character file.

Game seed: 6684655585722402602

105410 benadryl the Devastator (level 15, -3/132 HPs)
             Began as a Purple Draconian Alchemist on Jan 25, 2024.
             Was a High Priest of Vehumet.
             Engulfed by Bai Suzhen's thunder (32 damage)
             ... on level 3 of the Shoals.
             The game lasted 01:51:44 (30124 turns).

benadryl the Devastator (DrAl)                     Turns: 30124, Time: 01:51:44

Health: -3/132     AC: 19    Str: 10    XL:     15   Next: 94%
Magic:  7/42       EV: 14    Int: 22    God:    Vehumet [*****.]
Gold:   1232       SH:  0    Dex: 13    Spells: 9/42 levels left

rFire   . . .        y - +4 broad axe (protect)
rCold   . . .        (no shield)
rNeg    . . .        (body armour unavailable)
rPois   .            (helmet restricted)
rElec   .            n - +0 cloak
rCorr   .            c - +2 pair of gloves {hurl}
SInv    .            Z - +0 pair of boots
Will    ++...        Y - amulet of magic regeneration
Stlth   ++           m - ring of magical power
HPRegen 0.42/turn    s - +4 ring of protection
MPRegen 0.68/turn

%: no passive effects
@: slightly contaminated
A: breathe power, AC +9, unfitting armour, cold-blooded, shaggy fur 1
a: Breathe Dispelling Energy, Renounce Religion


You were on level 3 of the Shoals.
You worshipped Vehumet.
Vehumet was extremely pleased with you.
You visited 5 branches of the dungeon, and saw 25 of its levels.

You collected 2098 gold pieces.
You spent 866 gold pieces at shops.

Inventory:

Hand Weapons
 y - a +4 broad axe of protection (weapon)
Missiles
 v - 2 throwing nets
 F - 3 curare-tipped darts
Armour
 c - a +2 pair of gloves of hurling (worn)
 n - a +0 cloak (worn)
 U - a +0 buckler
 Z - a +0 pair of boots (worn)
Magical Staves
 b - a staff of earth
Jewellery
 g - an amulet of regeneration
 m - a ring of magical power (left hand)
 s - a +4 ring of protection (right hand)
 w - a ring of resist corrosion
 z - a ring of see invisible
 E - a +4 ring of slaying
 N - a ring of ice
 Y - an amulet of magic regeneration (around neck)
Wands
 p - a wand of paralysis (8)
 u - a wand of quicksilver (6)
 I - a wand of mindburst (6)
 L - a wand of polymorph (25)
 R - a wand of flame (23)
 W - a wand of iceblast (16)
Scrolls
 f - a scroll of fog
 t - 4 scrolls of revelation
 A - 3 scrolls of immolation
 K - 2 scrolls of poison
 O - 5 scrolls of teleportation
 S - 2 scrolls of vulnerability
 V - a scroll of enchant armour
Potions
 d - 6 potions of mutation
 e - 3 potions of heal wounds
 h - 2 potions of brilliance
 i - 3 potions of resistance
 k - 4 potions of lignification {unknown}
 l - 4 potions of enlightenment
 o - 8 potions of curing {@q1}
 B - a potion of attraction {unknown}
 C - a potion of cancellation {unknown}
 H - 2 potions of invisibility
 P - 3 potions of ambrosia
 Q - 3 potions of might {unknown}
 T - 3 potions of haste {unknown}
 X - a potion of berserk rage {unknown}
Miscellaneous
 M - a lightning rod (4/4)


   Skills:
 * Level 11.8 Fighting
 - Level 12.0 Axes
 - Level 5.3 Dodging
 - Level 1.7 Stealth
 - Level 14.0 Spellcasting
 - Level 15.2 Conjurations
 - Level 7.0 Summonings
 - Level 8.0 Fire Magic
 - Level 5.0 Air Magic
 - Level 8.0 Alchemy


You had 9 spell levels left.
You knew the following spells:

 Your Spells              Type           Power      Damage    Failure   Level
a - Sting                 Conj/Alch      100%       1d9       1%          1
b - Mephitic Cloud        Conj/Alch/Air  54%        N/A       1%          3
c - Olgreb's Toxic Radia  Alch           50%        N/A       1%          4
d - Sticky Flame          Fire/Alch      50%        2d9       1%          4
e - Irradiate             Conj/Alch      30%        3d21      1%          5
f - Summon Lightning Spi  Summ/Air       41%        N/A       3%          4
g - Fireball              Conj/Fire      30%        3d13      1%          5
h - Orb of Destruction    Conj           35%        9d10      1%          7

Your spell library contained the following spells:

 Spells                   Type           Power      Damage    Failure   Level
 Arcjolt                  Conj/Air       28%        1d38      1%          5
 Mercury Vapours          Alch/Air       88%        N/A       1%          2
 Momentum Strike          Conj/Tloc      98%        3d10      1%          2
 Static Discharge         Conj/Air       100%       3-8/arc   1%          2
 Airstrike                Air            18%        2d(3-19)  1%          4
 Brom's Barrelling Bould  Conj/Erth      49%        2d7       1%          4
 Iskenderun's Battlesphe  Conj           70%        2d12      1%          5
 Conjure Ball Lightning   Conj/Air       28%        3x3d8     2%          6
 Slow                     Hex            60%        N/A       4%          1
 Blink                    Tloc           30%        N/A       6%          2
 Lesser Beckoning         Tloc           30%        N/A       6%          2
 Sublimation of Blood     Necr           15%        N/A       6%          2
 Petrify                  Alch/Erth      33%        N/A       8%          4
 Confusing Touch          Hex            15%        N/A       12%         3
 Gell's Gravitas          Tloc           15%        N/A       12%         3
 Sigil of Binding         Hex            15%        N/A       12%         3
 Teleport Other           Tloc           15%        N/A       12%         3
 Vampiric Draining        Necr           15%        2d7       12%         3
 Cause Fear               Hex            7%         N/A       36%         4
 Dispersal                Tloc           7%         N/A       99%         6
 Dragon's Call            Summ           23%        N/A       100%        9


Dungeon Overview and Level Annotations

Branches:
Dungeon (14/15)            Temple (1/1) D:4            Lair (5/5) D:8
 Shoals (3/4) Lair:2        Snake (0/4) Lair:2        Slime (0/5) Lair:5
    Orc (2/2) D:12            Elf (0/3) Orc:2
 Vaults: D:13-14

Altars:
Ashenzari
Cheibriados
Dithmenos
Elyvilon
Fedhas
Gozag
Hepliaklqana
Kikubaaqudgha
Makhleb
Nemelex Xobeh
Okawaru
Qazlal
Ru
Sif Muna
Trog
Uskayaw
Vehumet
Wu Jian
Xom
Yredelemnul
Zin
The Shining One

Shops:
D:4 (   D:11 ?   D:13 *   D:14 =   Orc:2 [[[*(=**   Shoals:2 ::=(

Annotations:
D:3 1 runed translucent door, Crazy Yiuf
Lair:1 exclusion: oklob plant
Shoals:3 Bai Suzhen


Innate Abilities, Weirdness & Mutations

You can breathe bolts of dispelling energy.
Your rich purple scales are hard. (AC +9)
You cannot fit into any form of body armour.
You are cold-blooded and may be slowed by cold attacks.
You are covered in fur. (AC +1)


Message History

Casting: Orb of Destruction (dangerous; 1% risk of failure)
Confirm with . or Enter, or press ? or * to list all spells.
Aiming: Orb of Destruction (dangerous; 1% risk of failure)
Press: ? - help, Shift-Dir - straight line, f/p - Bai Suzhen
Aim: Bai Suzhen (magical condensation, heavily wounded, surrounded by thunder, ally target) Bai Suzhen breathes water at you.
The torrent of water hits you!!!
You are knocked back by the torrent of water.
You slam into the rock wall!
* * * LOW HITPOINT WARNING * * *
The wave splashes down.
Splash!
You fall into the shallow water.
Moving in this stuff is going to be slow.
The wavering orb of destruction hits Bai Suzhen!!
Bai Suzhen is severely wounded.
You hear an angry hiss.
Okay, then.
You feel much better.
Casting: Orb of Destruction (dangerous; 1% risk of failure)
Confirm with . or Enter, or press ? or * to list all spells.
You erupt in a fountain of uncontrolled magic!
Bai Suzhen is blasted with magical radiation.
Bai Suzhen is severely wounded.
Bai Suzhen twists and deforms.
You are very lightly contaminated with residual magic.
You are engulfed in a thunderstorm.
* * * LOW HITPOINT WARNING * * *
A merfolk comes into view. It is wielding a +0 trident.
A manticore comes into view.
Bai Suzhen barely misses you. Bai Suzhen closely misses you. x2
Casting: Irradiate (mildly dangerous; 1% risk of failure)
Confirm with . or Enter, or press ? or * to list all spells.
You erupt in a fountain of uncontrolled magic!
Bai Suzhen is blasted with magical radiation!!
Bai Suzhen is almost dead.
Bai Suzhen twists and deforms.
You are lightly contaminated with residual magic.
You are engulfed in a thunderstorm.
You die...

≈≈~≈≈≈≈≈~P≈≈~~P~
≈≈≈~~≈≈≈≈.PP~~~~~
≈≈~~~≈≈≈P~...!.~~~
~~~[.P≈~~$~.<#.~~~
.?.~PPP~.F.....~~
#.P~P~P.....~~~~
#...P§P§§>...~~~
#...§D@# ##)§§§~#
#..§.## #.<.8#
#.~~~..~~~
#..~~~~.~~~
Hm~~~~≈~~~~~
~(~~~≈≈≈~~~~~
..~~~≈≈≈≈≈≈≈≈~~


You could see Bai Suzhen (clouds, misshapen, ally target), a skyshark, a
merfolk, a manticore and a friendly lightning spire (summoned).

Vanquished Creatures
  Rupert (Lair:3)
  Frances (D:14)
  Ilsuiw (Shoals:2)
  The ghost of Ujuer the Severer, a journeyman HOBe of Trog (Lair:4)
  2 orc warlords (Orc:2)
  Nessos (D:14)
  Azrael (D:14)
  Josephine (D:10)
  An entropy weaver (shapeshifter) (D:10)
  2 merfolk impalers (Shoals:2)
  An ogre mage (D:10)
  Harold (Lair:1)
  2 catoblepae (D:14)
  5 hydras
  Erolcha (Orc:1)
  Erica (D:9)
  An alligator snapping turtle (Shoals:2)
  2 centaur warriors
  A two-headed ogre (D:14)
  3 boulder beetles
  A satyr (Shoals:2)
  4 orc high priests (Orc:2)
  Sonja (Lair:1)
  3 skysharks
  Amaemon (Lair:1)
  2 sea snakes (Shoals:2)
  2 orc knights (Orc:2)
  3 skeletal warriors (D:12)
  Pikel (D:5)
  4 harpies (Shoals:2)
  4 ugly things
  6 manticores
  4 orc sorcerers
  2 oklob plants (Lair:4)
  2 fauns (Shoals:1)
  5 cyclopes
  Maurice (D:7)
  A salamander (Lair:2)
  3 meliai (Lair:4)
  12 elephants
  2 black mambas
  4 merfolk sirens
  An orange demon (Lair:1)
  2 torpor snails
  3 gargoyles
  2 water nymphs
  9 cane toads
  Jeremiah (D:9)
  8 komodo dragons
  A yaktaur (Shoals:1)
  An efreet (D:14)
  2 unseen horrors (D:12)
  3 rime drakes
  9 merfolk
  8 trolls
  6 polar bears
  3 wind drakes
  Prince Ribbit (D:9)
  3 snapping turtles
  A queen bee (Lair:4)
  4 hornets (Lair:5)
  20 blink frogs
  6 dream sheep
  A water elemental (Shoals:1)
  5 slime creatures (D:14)
  3 shadows
  8 wraiths
  10 spriggans (Lair:5)
  5 wyverns
  7 basilisks
  3 wargs
  52 yaks
  3 fire elementals (D:14)
  3 steam dragons
  2 vampire mosquitoes (D:11)
  An acid dragon (D:11)
  Menkaure (D:5)
  17 water moccasins
  2 hell hounds (D:14)
  4 black bears
  36 orc warriors
  A sky beast (D:6)
  4 ogres (D:6)
  22 wolves
  4 boggarts (Lair:5)
  6 centaurs
  A lemure (D:5)
  2 phantoms
  11 bullfrogs
  5 gnoll sergeants
  2 scorpions
  2 jellies
  44 killer bees
  4 electric eels (D:10)
  2 lava snakes (Lair:2)
  A bombardier beetle (D:5)
  4 hounds
  14 orc priests
  3 gnoll boudas
  20 orc wizards
  2 iguanas
  5 ogre zombies (D:12)
  37 gnolls
  7 adders
  A white imp (D:8)
  4 ufetubi
  3 dart slugs
  89 orcs
  6 ball pythons
  5 bats
  9 endoplasms
  5 giant cockroaches
  A gnoll zombie (D:12)
  12 goblins
  8 hobgoblins
  3 jackals (D:1)
  5 kobolds
  2 quokkas
  2 frilled lizards
  A gnoll skeleton (D:12)
  2 orc skeletons (D:12)
  15 orc zombies (D:12)
  8 rats
739 creatures vanquished.

Vanquished Creatures (collateral kills)
  An orc warlord (Orc:2)
  A centaur warrior (D:12)
  A skeletal warrior (D:12)
  2 orc knights (Orc:2)
  2 ugly things (D:14)
  An orc sorcerer (Orc:2)
  A manticore (Shoals:1)
  2 fauns (Shoals:1)
  A cyclops (D:12)
  A merfolk siren (Shoals:2)
  An unseen horror (D:11)
  An efreet (D:11)
  A polar bear (Lair:5)
  A dream sheep (Lair:5)
  2 snapping turtles (Shoals:1)
  2 spriggans (Lair:5)
  A human (shapeshifter) (D:11)
  A warg (Orc:2)
  A fire elemental (D:14)
  2 orc warriors (Orc:2)
  A black bear (Lair:5)
  3 wolves (Lair:5)
  An orc priest (Orc:2)
  2 orc wizards (Orc:2)
  An ogre zombie (D:12)
  2 orcs (Orc:2)
36 creatures vanquished.

Vanquished Creatures (others)
  An ugly thing (D:14)
  An electric eel (Lair:2)
  2 lava snakes (Lair:2)
4 creatures vanquished.

Grand Total: 779 creatures vanquished

Notes
Turn   | Place    | Note
-------+----------+-------------------------------------------
     0 | D:1      | benadryl the Draconian Alchemist began the quest for the
                  | Orb.
     0 | D:1      | Reached XP level 1. HP: 14/14 MP: 3/3
   197 | D:1      | Reached XP level 2. HP: 18/20 MP: 2/5
  1040 | D:1      | Reached XP level 3. HP: 26/26 MP: 4/7
  2090 | D:2      | Reached XP level 4. HP: 32/33 MP: 8/10
  2310 | D:2      | Found a faded altar of an unknown god.
  2310 | D:2      | Noticed a tormentor
  2773 | D:3      | Found a runed translucent door.
  2774 | D:3      | Noticed Crazy Yiuf
  2872 | D:3      | Reached skill level 2 in Conjurations
  3479 | D:4      | Reached skill level 3 in Conjurations
  3479 | D:4      | Reached XP level 5. HP: 15/38 MP: 11/11
  3709 | D:4      | Found Boolyrap's Weapon Emporium.
  3809 | D:4      | Noticed a black bear
  3832 | D:4      | Killed a black bear
  3833 | D:4      | Reached skill level 4 in Conjurations
  3833 | D:4      | Reached XP level 6. HP: 45/45 MP: 12/12
  3890 | D:4      | Found a staircase to the Ecumenical Temple.
  3896 | Temple   | Entered the Ecumenical Temple
  4052 | D:4      | Reached skill level 5 in Conjurations
  4708 | D:5      | Entered Level 5 of the Dungeon
  4922 | D:5      | Found a glowing silver altar of Zin.
  4923 | D:5      | Found a blossoming altar of Fedhas.
  4924 | D:5      | Found a broken altar of Ashenzari.
  4925 | D:5      | Found a hazy altar of Hepliaklqana.
  4927 | D:5      | Found a sparkling altar of Nemelex Xobeh.
  4990 | D:5      | Noticed Pikel
  5044 | D:5      | Killed Pikel
  5045 | D:5      | Reached skill level 7 in Conjurations
  5045 | D:5      | Your scales start taking on a rich purple colour.
  5045 | D:5      | Reached XP level 7. HP: 43/50 MP: 9/14
  5139 | D:5      | Reached skill level 8 in Conjurations
  5149 | D:5      | Learned a level 3 spell: Mephitic Cloud
  5217 | D:5      | Found a hide-covered altar of Uskayaw.
  5274 | D:5      | Noticed Menkaure
  5329 | D:5      | Killed Menkaure
  5330 | D:5      | Reached XP level 8. HP: 62/62 MP: 15/15
  5577 | D:5      | Found an ancient bone altar of Kikubaaqudgha.
  5667 | D:5      | Reached skill level 5 in Alchemy
  5690 | D:5      | Noticed a two-headed ogre
  5972 | D:6      | Identified the +1 chain mail of the Spheres {rF- Dex+5}
  6004 | D:6      | Learned a level 4 spell: Olgreb's Toxic Radiance
  6307 | D:6      | Found an opulent altar of Gozag.
  6624 | D:6      | Reached skill level 5 in Spellcasting
  6624 | D:6      | Reached XP level 9. HP: 64/68 MP: 16/16
  7175 | D:6      | Learned a level 4 spell: Sticky Flame
  8172 | D:7      | Noticed Maurice
  8188 | D:7      | Killed Maurice
  8667 | D:8      | Found a radiant altar of Vehumet.
  8671 | D:8      | Became a worshipper of Vehumet
  8811 | D:8      | Reached skill level 1 in Fire Magic
  9031 | D:8      | Learned a level 5 spell: Irradiate
  9238 | D:8      | Found a staircase to the Lair.
  9476 | D:9      | Noticed Prince Ribbit
  9490 | D:9      | Killed Prince Ribbit
  9491 | D:9      | Reached XP level 10. HP: 74/80 MP: 12/23
  9493 | D:9      | Reached skill level 5 in Fighting
  9575 | D:9      | Found a shadowy altar of Dithmenos.
  9610 | D:9      | Noticed Erica
  9624 | D:9      | Killed Erica
  9777 | D:9      | Reached * piety under Vehumet
  9777 | D:9      | Offered knowledge of Foxfire by Vehumet.
  9815 | D:9      | Noticed Jeremiah
 10161 | Lair:1   | Entered Level 1 of the Lair of Beasts
 10200 | Lair:1   | Noticed a cane toad
 10208 | Lair:1   | Killed a cane toad
 10212 | Lair:1   | Reached skill level 9 in Conjurations
 10213 | Lair:1   | Noticed Sonja
 10218 | Lair:1   | Killed Sonja
 10443 | Lair:1   | Reached skill level 10 in Conjurations
 10452 | Lair:1   | Reached skill level 11 in Conjurations
 10457 | Lair:1   | Reached XP level 11. HP: 92/92 MP: 24/24
 11165 | Lair:1   | Reached skill level 12 in Conjurations
 11495 | Lair:1   | Noticed Harold
 11508 | Lair:1   | Killed Harold
 11620 | Lair:1   | Noticed an oklob plant
 11651 | Lair:1   | Noticed Amaemon
 11669 | Lair:1   | Killed Amaemon
 12415 | Lair:2   | Reached skill level 1 in Axes
 12419 | Lair:2   | Reached ** piety under Vehumet
 12466 | Lair:2   | Offered knowledge of Scorch by Vehumet.
 12500 | Lair:2   | Reached skill level 5 in Axes
 12545 | Lair:2   | Found a staircase to the Snake Pit.
 12697 | Lair:2   | Noticed a four-headed hydra
 12708 | Lair:2   | Killed a four-headed hydra
 13041 | Lair:2   | Found a staircase to the Shoals.
 13279 | Lair:2   | Reached XP level 12. HP: 104/104 MP: 24/25
 13628 | Lair:3   | Offered knowledge of Frozen Ramparts by Vehumet.
 13797 | Lair:3   | Reached *** piety under Vehumet
 14022 | Lair:3   | Reached skill level 10 in Axes
 14186 | Lair:3   | Noticed Rupert
 14201 | Lair:3   | Killed Rupert
 14906 | Lair:3   | You fall into a shaft and drop 2 floors!
 14906 | Lair:5   | Entered Level 5 of the Lair of Beasts
 14995 | Lair:4   | Noticed a seven-headed hydra
 15009 | Lair:4   | Offered knowledge of Inner Flame by Vehumet.
 15117 | Lair:4   | Reached **** piety under Vehumet
 15308 | Lair:4   | Reached XP level 13. HP: 111/111 MP: 21/26
 15315 | Lair:4   | Offered knowledge of Brom's Barrelling Boulder by Vehumet.
 15351 | Lair:4   | Reached skill level 5 in Dodging
 15501 | Lair:4   | Reached skill level 1 in Summonings
 15501 | Lair:4   | Reached skill level 1 in Air Magic
 15705 | Lair:4   | Found a runed translucent door.
 15705 | Lair:4   | Noticed Ujuer's ghost (journeyman HOBe)
 15944 | Lair:4   | Learned a level 4 spell: Summon Lightning Spire
 16245 | Lair:4   | Identified the +1 dagger "Noev Ici" {vamp, Fly rCorr SInv}
 16331 | Lair:4   | Reached skill level 5 in Summonings
 16737 | Lair:4   | Reached ***** piety under Vehumet
 16869 | Lair:4   | Reached skill level 5 in Air Magic
 17014 | Lair:4   | Gained mutation: You occasionally shout uncontrollably at
                  | your foes. [mutagenic glow]
 17022 | Lair:4   | Killed Ujuer's ghost
 17022 | Lair:4   | Offered knowledge of Flame Wave by Vehumet.
 17066 | Lair:4   | Learned a level 5 spell: Fireball
 17583 | Lair:5   | Reached skill level 5 in Fire Magic
 17639 | Lair:5   | Gained mutation: You are occasionally teleported next to
                  | monsters. [mutagenic glow]
 17662 | Lair:5   | Lost mutation: You occasionally shout uncontrollably at
                  | your foes. [potion of mutation]
 17662 | Lair:5   | Lost mutation: You are occasionally teleported next to
                  | monsters. [potion of mutation]
 17662 | Lair:5   | Gained mutation: You are covered in fur. (AC +1) [potion of
                  | mutation]
 17662 | Lair:5   | Gained mutation: You possess an exceptional clarity of
                  | mind. [potion of mutation]
 18132 | Lair:5   | Reached XP level 14. HP: 118/118 MP: 27/27
 18664 | Lair:5   | Found a staircase to the Slime Pits.
 19291 | D:9      | Killed Jeremiah
 19560 | D:10     | Entered Level 10 of the Dungeon
 19574 | D:10     | Noticed Josephine
 19581 | D:10     | Killed Josephine
 19590 | D:10     | Offered knowledge of Yara's Violent Unravelling by Vehumet.
 19929 | D:10     | Reached skill level 13 in Conjurations
 20403 | D:11     | Found Xeqac's Magic Scroll Shoppe.
 20413 | D:11     | Bought a scroll of enchant weapon for 97 gold pieces
 21226 | D:12     | Reached skill level 10 in Spellcasting
 21252 | D:12     | Learned a level 7 spell: Orb of Destruction
 21399 | D:12     | Found a staircase to the Orcish Mines.
 21837 | D:12     | Identified the +1 short sword "Tighyepi" {chaos, rElec}
 21956 | Orc:1    | Entered Level 1 of the Orcish Mines
 21956 | Orc:1    | Noticed Erolcha
 21964 | Orc:1    | Killed Erolcha
 22339 | Orc:2    | Entered Level 2 of the Orcish Mines
 22339 | Orc:2    | Found Pockoguu's Antique Armour Shoppe.
 22355 | Orc:2    | Found Mugham's Antique Armour Shop.
 22371 | Orc:2    | Found a staircase to the Elven Halls.
 22376 | Orc:2    | Noticed an orc warlord
 22377 | Orc:2    | Offered knowledge of Bombard by Vehumet.
 22408 | Orc:2    | Killed an orc warlord
 23546 | Orc:2    | Noticed an orc warlord
 23685 | Orc:2    | Reached XP level 15. HP: 124/124 MP: 21/32
 24260 | Orc:2    | Found Evoi's General Store.
 24261 | Orc:2    | Found Ebbep's Jewellery Shoppe.
 24263 | Orc:2    | Found Uregecw's Antique Armour Emporium.
 24263 | Orc:2    | Found Tuluegog's Antique Weapon Emporium.
 24289 | Orc:2    | Bought an amulet of magic regeneration for 360 gold pieces
 24328 | Orc:2    | Bought a potion of heal wounds for 60 gold pieces
 24338 | Orc:2    | Bought a pair of boots for 117 gold pieces
 24426 | Orc:2    | Bought a pair of glowing gloves for 232 gold pieces
 24526 | Orc:2    | Found Haquttue's General Store.
 24537 | Orc:2    | Reached ****** piety under Vehumet
 24764 | Orc:2    | Found Qukhline's Assorted Antiques.
 24960 | D:13     | Found an iron altar of Okawaru.
 25055 | D:13     | Found Fom Foc's Assorted Antiques.
 25621 | D:14     | Noticed Frances
 25628 | D:14     | Killed Frances
 25630 | D:14     | Offered knowledge of Arcjolt by Vehumet.
 25728 | D:14     | Noticed Nessos
 25734 | D:14     | Killed Nessos
 25735 | D:14     | Reached skill level 10 in Fighting
 25955 | D:14     | Found a broken altar of Ashenzari.
 26108 | D:14     | Noticed Azrael
 26128 | D:14     | Killed Azrael
 26565 | D:14     | Reached skill level 14 in Conjurations
 26602 | D:14     | Found Wuxtee's Jewellery Boutique.
 26654 | D:14     | Lost mutation: You possess an exceptional clarity of mind.
                  | [mutagenic glow]
 26985 | Shoals:1 | Entered Level 1 of the Shoals
 27000 | Shoals:1 | Identified the scarf "Qioka" {harm, rN+ Int+3}
 28119 | Shoals:2 | Found Tozecs's Jewellery Boutique.
 28122 | Shoals:2 | Noticed Ilsuiw
 28127 | Shoals:2 | Reached skill level 15 in Conjurations
 28948 | Shoals:2 | Found Usmyxacw's Book Shop.
 29253 | Shoals:2 | Found Yloaptei's Book Boutique.
 29313 | Shoals:2 | Killed Ilsuiw
 30018 | Shoals:2 | Found Juecuv's Antique Weapon Boutique.
 30112 | Shoals:3 | Noticed Bai Suzhen
 30124 | Shoals:3 | Engulfed by Bai Suzhen's thunder

Illustrated notes

Levels and vault maps discovered:
D:1:      dpeg_arrival_more_subterranean_lakeside_camping, layout_basic,
          chequers_serial_rivers_large_b, minmay_heptomino_h4
D:2:      layout_basic, dreamdust_ecumenical_altar_sealed_demon,
          amcnicky_mini_pool_small, minmay_splitting_lines
D:3:      layout_basic, uniq_crazy_yiuf_cottage
D:4:      layout_layer_cave, minmay_temple_entry_trees, serial_shops, shop,
          chequers_arboretum
D:5:      layout_loops_corners, eat_drink_and_be_merry_uskayaw, minitemple,
          mainiacjoe_overflow_chevrons, serial_shops, shop, minmay_crystal_room,
          minmay_divided_ellipse, uniq_pikel, uniq_menkaure
D:6:      layout_basic, mainiacjoe_overflow_alcove_2
D:7:      layout_basic, uniq_maurice
D:8:      layout_gridville, mainiacjoe_overflow_alcove_1, lair_entry_dummy,
          chequers_serial_rivers_small_b, grunt_decor_resistance,
          amcnicky_mini_rare_corridor_liquid
D:9:      layout_small_grid, grunt_dithmenos_smoke, enter_bailey_3,
          uniq_prince_ribbit1, uniq_jeremiah, uniq_erica
D:10:     kennysheep_big_flooded_room, layout_cave_pools, uniq_josephine
D:11:     layout_irregular_city, serial_shops, shop, eino_jars
D:12:     layout_irregular_city, zombieorc1_lemuel
D:13:     layout_rooms, serial_shops, shop, okawaru_trees_2
D:14:     layout_gridville, david_vaults_1, serial_shops, shop,
          nicolae_trove_entry_path_of_doom, evilmike_ruin_ashenzari,
          uniq_frances, uniq_nessos, uniq_azrael
Temple:   nicolae_temple_x_marks_the_god
Lair:1:   layout_long_grid, uniq_amaemon, uniq_sonja, uniq_harold
Lair:2:   layout_cave_pods, nicolae_shoals_entry_flooding,
          nicolae_snake_entry_warm_welcome, infiniplex_staircase_pool,
          grunt_megastairs_3
Lair:3:   layout_loops_ring, uniq_rupert
Lair:4:   regret_index_harrowing_hell_hive, layout_layer_cave,
          gammafunk_ghost_grave
Lair:5:   minmay_lair_end_enchanted_forest, layout_cave_pods, slime_entry_1
Shoals:1: layout_shoals, yaktaur_hedge
Shoals:2: layout_shoals, serial_shops, nicolae_shop_crystal, shop, shop, shop,
          uniq_ilsuiw
Shoals:3: layout_shoals, uniq_bai_suzhen
Orc:1:    layout_diamond_mine, mines1_david, uniq_erolcha
Orc:2:    st_orc_congregation, layout_caves, serial_shops, shop,
          nicolae_shop_advertising_works [nicolae_subvault_shop_adworks],
          shop_statue, shop

Skill      XL: |  1  2  3  4  5  6  7  8  9 10 11 12 13 14 15 |
---------------+----------------------------------------------+-----
Spellcasting   | 3 4 5 9 13 14 | 14.0
Conjurations   | 3 4 7 8 11 12 13 15 | 15.2
Fighting       | 2 4 7 9 11 | 11.8
Alchemy        | 8 |  8.0
Fire Magic     | 2 8 |  8.0
Axes           | 7 12 | 12.0
Dodging        | 4 5 |  5.3
Summonings     | 5 7 |  7.0
Air Magic      | 5 |  5.0
Stealth        | |  1.7

Action                     |  1- 3 |  4- 6 |  7- 9 | 10-12 | 13-15 || total
---------------------------+-------+-------+-------+-------+-------++-------
  Melee: Dagger            |    23 |       |       |       |       ||    23
         Unarmed           |     2 |       |       |       |       ||     2
         Tailslap          |     6 |     8 |    13 |    35 |   122 ||   184
         Short sword       |     6 |    72 |   123 |    35 |       ||   236
         Punch             |       |     2 |     4 |     3 |    10 ||    19
         Broad axe         |       |       |       |   137 |   696 ||   833
         Demon whip        |       |       |       |    13 |       ||    13
  Throw: Throwing net      |       |       |       |     1 |     2 ||     3
   Cast: Sting             |    86 |   102 |   252 |   151 |   190 ||   781
         Mephitic Cloud    |       |       |    34 |    43 |   113 ||   190
         Sticky Flame      |       |       |     3 |    50 |    93 ||   146
         Irradiate         |       |       |     1 |    16 |    47 ||    64
         Olgreb's Toxic Ra |       |       |       |    29 |    42 ||    71
         Fireball          |       |       |       |       |    48 ||    48
         Summon Lightning  |       |       |       |       |    37 ||    37
         Orb of Destructio |       |       |       |       |    65 ||    65
Ability: Breathe Dispellin |       |       |     1 |     2 |       ||     3
  Evoke: Wand              |       |     1 |       |     3 |       ||     4
    Use: Scroll            |     7 |     5 |     5 |     4 |    17 ||    38
         Potion            |       |       |     1 |     3 |     9 ||    13
   Stab: Paralysed         |       |     5 |       |     3 |       ||     8
         Confused          |       |       |     4 |    16 |    52 ||    72
         Distracted        |       |       |       |       |     5 ||     5
         Petrified         |       |       |       |       |     7 ||     7
 Armour: Skin              |    30 |    61 |   144 |   243 |   877 ||  1355
  Dodge: Dodged            |    50 |    74 |   133 |   172 |   704 ||  1133
  Block: Buckler           |       |       |       |       |     1 ||     1
